 Dungeon Crawl Stone Soup version 0.32-a0-519-g08f29ac1c3 (webtiles) character file.

Game seed: 4212694217953994151

69269 kae the Metamorph (level 14, -20/39 (41) HPs)
             Began as a Yellow Draconian Shapeshifter on Feb 27, 2024.
             Was a Priest of Ru.
             Killed from afar by Azrael (47 damage)
             ... with a fireball
             ... on level 12 of the Dungeon.
             The game lasted 00:25:46 (21589 turns).

kae the Metamorph (Yellow Draconian Shapeshifter)  Turns: 21589, Time: 00:25:47

HP:   -20/39 (41)   AC: 18    Str: 18    XL:     14   Next: 89%
MP:   0/12          EV: 22    Int: 11    God:    Ru [***...]
Gold: 452           SH:  0    Dex: 14    Spells: 13/13 levels left

rFire   . .          .
                       - Unarmed
rCold   + . .        (no shield)
rNeg    + + +        (body armour unavailable)
rPois   ∞            (helmet restricted)
rElec   .            (no cloak)
rCorr   +            n - +2 pair of gloves
SInv    .            v - +2 pair of boots
Will    ++...        G - amulet of guardian spirit
Stlth   +            E - +5 ring of evasion
HPRegen 0.26/turn    O - +4 ring of protection
MPRegen 0.13/turn

%: guardian spirit
@: exhausted, death-form, studying Maces & Flails, lightly drained
A: vile attack, torment immunity, no potions, reduced hp, (caustic breath), AC
+8, unfitting armour, low MP 1, acidic bite, cold-blooded, hated by all, no
hexes magic, no ice magic, no translocations magic, acid resistance
a: Siphon Essence, Begin Untransformation, Renounce Religion, Draw Out Power


You were on level 12 of the Dungeon.
You worshipped Ru.
Ru was most pleased with you.
You were an undying horror.
You visited 3 branches of the dungeon, and saw 18 of its levels.
You visited 1 bazaar.

You collected 1434 gold pieces.
You spent 982 gold pieces at shops.


Innate Abilities, Weirdness & Mutations

You are an undying horror.
Your melee and unarmed attacks drain, slow and weaken victims.
You are immune to unholy pain and torment.
You cannot drink.
Your maximum health is decreased, since you lack skill for your form.
You are immune to poison.
((You can breathe corrosive fumes.))
Your golden yellow scales are hard. (AC +8)
You cannot fit into any form of body armour.
Your magical capacity is low. (-10% MP)
You have acidic saliva.
You are cold-blooded and may be slowed by cold attacks.
You are hated by all.
You cannot study or cast Hexes magic.
You cannot study or cast Ice magic.
You cannot study or cast Translocations magic.
You are resistant to acid. (rCorr)


   Skills:
 + Level 13.5 Fighting
 + Level 10.2 Dodging
 + Level 12.8 Unarmed Combat
 * Level 16.2 Shapeshifting


You had 13 spell levels left.
You didn't know any spells.
Your spell library contained the following spells:

 Spells                   Type           Power      Damage    Failure   Level
 Magic Dart               Conj           0%         1d3       34%         1
 Necrotise                Necr           0%         1d4       34%         1
 Sandblast                Erth           0%         2d4       34%         1
 Scorch                   Fire           0%         2d5       47%         2
 Searing Ray              Conj           0%         2d4       47%         2
 Mephitic Cloud           Conj/Alch/Air  0%         N/A       71%         3
 Passwall                 Erth           0%         N/A       71%         3
 Stone Arrow              Conj/Erth      0%         3d7       71%         3
 Vampiric Draining        Necr           0%         2d6       71%         3
 Brom's Barrelling Bould  Conj/Erth      0%         2d3       98%         4
 Flame Wave               Conj/Fire      0%         2d4       98%         4
 Fulminant Prism          Conj/Alch      0%         3d5       98%         4
 Alistair's Intoxication  Alch           0%         N/A       100%        5
 Curse of Agony           Necr           0%         N/A       100%        5
 Fireball                 Conj/Fire      0%         3d3       100%        5
 Iskenderun's Battlesphe  Conj           0%         2d6       100%        5
 Conjure Ball Lightning   Conj/Air       0%         3x3d6     100%        6
 Orb of Destruction       Conj           0%         9d5       100%        7
 Lehudib's Crystal Spear  Conj/Erth      0%         10d2      100%        8
 Apportation              Tloc           Unusable   N/A       N/A         1
 Blink                    Tloc           Unusable   N/A       N/A         2
 Jinxbite                 Hex            Unusable   N/A       N/A         2
 Lesser Beckoning         Tloc           Unusable   N/A       N/A         2
 Momentum Strike          Conj/Tloc      Unusable   3d8       N/A         2
 Dazzling Flash           Conj/Hex       Unusable   N/A       N/A         3
 Tukima's Dance           Hex            Unusable   N/A       N/A         3
 Dimensional Bullseye     Hex/Tloc       Unusable   N/A       N/A         4
 Iskenderun's Mystic Bla  Conj/Tloc      Unusable   2d3       N/A         4
 Martyr's Knell           Necr/Summ      Unusable   N/A       N/A         4
 Passage of Golubria      Tloc           Unusable   N/A       N/A         4
 Summon Blazeheart Golem  Fire/Summ      Unusable   N/A       N/A         4
 Silence                  Hex/Air        Unusable   N/A       N/A         5
 Summon Cactus Giant      Summ           Unusable   N/A       N/A         6
 Spellforged Servitor     Conj/Summ      Unusable   N/A       N/A         7

Inventory:

Missiles
 d - 3 throwing nets {=f!f}
 h - 192 stones (quivered)
 i - 8 boomerangs
 w - 34 poisoned darts
 M - 4 atropa-tipped darts
 T - 2 curare-tipped darts {=f}
Armour
 n - a +2 pair of gloves (worn)
   (You found it on level 2 of the Dungeon)
 v - a +2 pair of boots (worn)
   (You found it on level 3 of the Dungeon)
Magical Staves
 u - a staff of earth {!a}
   (You found it on level 4 of the Dungeon)
Jewellery
 E - a +5 ring of evasion (left hand)
   (You found it on level 1 of the Dungeon)
 F - a ring of protection from fire
   (You took it off an orc on level 7 of the Dungeon)
 G - an amulet of guardian spirit (around neck)
   (You found it on level 2 of the Lair of Beasts)
 O - a +4 ring of protection (right hand)
   (You found it on level 4 of the Lair of Beasts)
Talismans
 b - a beast talisman
 c - a flux talisman
 X - a talisman of death (active)
   (You bought it in a shop in a bazaar)
Wands
 s - a wand of flame (58)
   (You took it off Jessica on level 2 of the Dungeon)
 y - a wand of paralysis (1)
   (You found it on level 8 of the Dungeon)
 B - a wand of polymorph (17)
   (You found it on level 7 of the Dungeon)
 D - a wand of iceblast (15)
   (You took it off Maurice on level 7 of the Dungeon)
 I - a wand of quicksilver (6)
   (You took it off an orc on level 9 of the Dungeon)
 L - a wand of mindburst (5)
   (You found it on level 11 of the Dungeon)
Scrolls
 e - 2 scrolls of summoning
 g - 10 scrolls of teleportation {@r4}
 j - a scroll of fog
 m - a scroll of fear
 o - 4 scrolls of blinking {!r}
 x - 5 scrolls of poison {!r}
 A - 6 scrolls of identify {@r1}
 C - 2 scrolls of immolation {!r!r}
 H - 5 scrolls of noise {!r}
 J - a scroll of vulnerability {!r!r}
 N - a scroll of enchant armour
 R - a scroll of enchant weapon
 U - 4 scrolls of revelation
Potions
 a - 4 potions of lignification {!q}
 f - 3 potions of cancellation
 k - 6 potions of degeneration {!q}
 l - 5 potions of brilliance
 p - 4 potions of enlightenment
 q - 6 potions of curing {@q1}
 r - 3 potions of attraction {!q}
 t - a potion of mutation {!q}
 z - 7 potions of haste {@q3}
 K - 2 potions of invisibility
 P - 3 potions of ambrosia
 Q - a potion of resistance
 S - a potion of might
 V - a potion of heal wounds {@q2}
 W - a potion of berserk rage {!q}

Dungeon Overview and Level Annotations

Branches:
Dungeon (12/15) Zot: 26557  Temple (1/1) D:5 Zot: 5957    Lair (5/5) D:11 Zot: 21092
 Shoals (0/4) Lair:3       Spider (0/4) Lair:2        Slime (0/5) Lair:4
    Orc (0/2) D:9

Altars:
Ashenzari
Cheibriados
Dithmenos
Elyvilon
Gozag
Kikubaaqudgha
Makhleb
Nemelex Xobeh
Okawaru
Qazlal
Ru
Sif Muna
Trog
Uskayaw
Vehumet
Wu Jian
Xom
Zin
The Shining One
Ignis
Lugonu

Shops:
D:1 **:   D:6 :   D:9 ?

Portals:
Abyss: Lair:5

Annotations:
D:8 3 runed translucent doors, Domino's ghost, novice MDFi
D:12 Azrael
Lair:1 exclusion: oklob plant
Lair:5 1 exclusion

#.#...#####.####.#.
#............##....
#.#...#.........#..
#.#...#.###.###....
#...#.#.# #........
#.....#.###..###.#.
#..####......# #...
#............#*#.#.
##z#########.....#.
#†# *,,,..,..,
#R#******,********
#h.○,,,,,,*
###********


You could see Azrael and a hell hound.


Message History

You kill the acid dragon!
You now have 452 gold pieces (gained 4).
P - 3 potions of ambrosia (gained 1)
Things that are here:
a +0 dagger; an elf skeleton A hell hound comes into view.
The hell hound barks!
A hell hound comes into view.
There are monsters nearby!
Unknown command.
There are monsters nearby!
There are monsters nearby!
There are monsters nearby!
There are monsters nearby!
The hell hound bites you but does no damage.
You see here 3 stones.
You barely miss the hell hound.
The hell hound barks!
You hear a bark! x2
The hell hound is stunned by your conviction and fails to attack.
Azrael the Boundless Flame comes into view.
He is wielding a +2 scimitar of flaming.
You closely miss the hell hound. The hell hound misses you.
The hell hound closely misses you.
You closely miss the hell hound. You tail-slap the hell hound.
A hell hound comes into view.
The hell hound bites you. 😕 HP[-3]
You take 3 damage, and now have 38/41 hp.
You hit the hell hound.
The hell hound decays.
You closely miss the hell hound. The hell hound bites you. 😕 HP[-1]
You take 1 damage, and now have 37/41 hp.
Unknown command.
You barely miss the hell hound.
You bite the hell hound, but do no damage.
The hell hound is no longer moving slowly.
The hell hound is no longer weakened.
The hell hound begins to attack, but is stunned by your conviction!
Unknown command.
You pummel the hell hound!!
You kill the hell hound!
You pummel the hell hound!!
The hell hound decays.
Your bite misses the hell hound.
The hell hound begins to attack, but is stunned by your conviction!
The hell hound barely misses you. 😕 HP[+1] Unknown command.
You closely miss the hell hound.
Your tail-slap misses the hell hound.
The hell hound closely misses you.
Unknown command.
You punch the hell hound!
You kill the hell hound!
A hell hound comes into view.
Unknown command.
You closely miss the hell hound.
Your tail-slap misses the hell hound.
The hell hound misses you.
Unknown command.
You closely miss the hell hound. You punch the hell hound.
The hell hound bites you but does no damage.
Unknown command.
You barely miss the hell hound.
You tail-slap the hell hound, but do no damage.
The hell hound closely misses you.
You redirect Azrael's attack!
The hell hound closely misses you. 😕 HP[+1] Unknown command.
You barely miss the hell hound.
The hell hound is stunned by your conviction and fails to attack.
You punch the hell hound!
The hell hound decays.
You bite the hell hound!
The acid corrodes the hell hound!
Azrael gestures at you.
The bolt of fire hits the hell hound.
The hell hound completely resists.
The bolt of fire hits you!!!
Ouch! That really hurt!
* * * LOW HITPOINT WARNING * * *
The hell hound breathes flames at you. The blast of flame hits you!
* * * LOW HITPOINT WARNING * * *
😱 HP[-36] MP[-11]
You take 36 damage, and now have 3/41 hp.
MASSIVE DAMAGE!! (PAUSE)
You lost 11 mp, and now have 1/12 mp.
You hit the hell hound.
The hell hound decays.
You punch the hell hound.
Unknown command.
You cannot drink potions in your current state!
Unknown command.
You are restored by drawing out deep reserves of power within.
You feel drained.
The hell hound misses you. 😮 HP[+24] MP[+6]
You now have 39 max hp (-2).
You regained 24 hp, and now have 27/39 hp.
You regained 6 mp, and now have 7/12 mp.
You punch the hell hound!
You kill the hell hound!
Azrael gestures at you.
The fireball explodes!
The fireball engulfs you!!!
Ouch! That really hurt!
You die...
Ru respects your ultimate sacrifice.

Skill      XL: |  1  2  3  4  5  6  7  8  9 10 11 12 13 14 |
---------------+-------------------------------------------+-----
Fighting       | 2 3 4 5 6 7 9 10 11 12 13 | 13.5
Shapeshifting  | 4 5 6 8 9 11 12 13 15 16 | 16.2
Unarmed Combat | 4 5 6 7 8 9 10 11 12 | 12.8
Dodging        | 3 5 6 7 9 10 | 10.2

Action                     |  1- 3 |  4- 6 |  7- 9 | 10-12 | 13-15 || total
---------------------------+-------+-------+-------+-------+-------++-------
  Melee: Unarmed           |    69 |   141 |   338 |   954 |   959 ||  2461
         Tailslap          |    10 |    23 |    65 |   194 |   217 ||   509
         Punch             |     2 |     5 |     3 |       |     3 ||    13
         Bite              |       |       |       |       |    62 ||    62
 Invoke: Reject Sacrifices |       |       |     1 |       |     2 ||     3
         Sacrifice Essence |       |       |       |     1 |       ||     1
         Sacrifice Arcana  |       |       |       |     1 |       ||     1
         Sacrifice Love    |       |       |       |     1 |       ||     1
         Draw Out Power    |       |       |       |       |     5 ||     5
Ability: Caustic Breath    |       |       |     4 |     3 |     2 ||     9
  Evoke: Wand              |       |       |    11 |       |       ||    11
    Use: Scroll            |       |    11 |     5 |     7 |     6 ||    29
         Potion            |       |       |       |       |     2 ||     2
   Stab: Paralysed         |       |       |     3 |       |       ||     3
         Petrified         |       |       |       |     2 |       ||     2
         Petrifying        |       |       |       |     1 |       ||     1
         Invisible         |       |       |       |       |     7 ||     7
         Distracted        |       |       |       |       |     1 ||     1
 Armour: Skin              |    43 |    50 |   109 |   331 |   422 ||   955
  Dodge: Dodged            |    66 |   106 |   267 |   987 |  1200 ||  2626
         Repelled          |     1 |     3 |     3 |     8 |     5 ||    20
   Form: Flux              |       |       |     1 |       |       ||     1
         Death             |       |       |       |       |     1 ||     1

Levels and vault maps discovered:
D:1:      dpeg_arrival_boxes_within_box, layout_basic, serial_shops,
          nicolae_shop_just_a_little_nook, shop, shop
D:2:      layout_basic, basic_altar, roderic_lattice_a, uniq_natasha,
          uniq_crazy_yiuf_cottage, uniq_jessica
D:3:      layout_rooms, grunt_temple_overflow_lords_of_destruction
D:4:      minmay_wonky_spiral, layout_basic, serial_bayou, serial_bayou_lake_a,
          serial_bayou_crossing, serial_bayou_pond_a, serial_bayou_pond_e,
          minmay_manual_mares, uniq_robin
D:5:      layout_gridville, grunt_temple_overflow_open, temple_pool_b
D:6:      minmay_inner_zag, layout_cave_pools, pdpol_wu_jian_five_deadly_venoms,
          trog_hazing_becter, nicolae_shop_i_like_small_books_too,
          chequers_serial_rivers_micro_e, kennysheep_dice
D:7:      minmay_octagon_keep, layout_loops_corners, kennysheep_path_1,
          st_stairs_3, minmay_fractal_squares_5, uniq_joseph, uniq_maurice
D:8:      minmay_cornered_nines, layout_cave_pools,
          hellmonk_sif_muna_bookshelves, biasface_ghost_orc_armoury,
          st_stairs_3, grunt_decor_clamped, amcnicky_mini_rare_corridor_liquid,
          pf_guarded_unrand_woodcutter
D:9:      layout_roguey, mainiacjoe_overflow_small_starburst, david_orc_4,
          serial_shops, nicolae_shop_crystal, hangedman_minor_gate_pass
D:10:     layout_loops_ring, special_room [special_room_orc],
          grunt_decor_fettered
D:11:     layout_loops_ring, david_lair_shrubbed, feat_on_display
D:12:     layout_loops_ring, serial_shops, bzr_entry_water, uniq_nessos,
          uniq_azrael
Temple:   pdpol_scorched_temple
Lair:1:   minmay_lair_oklob_chamber, layout_cellular_growth
Lair:2:   layout_roguey, spider_nest_entry_web_field, grunt_megastairs_5,
          infiniplex_staircase_pool_2
Lair:3:   regret_index_tunnel_blossom, layout_layer_cave,
          nicolae_shoals_entry_flooding
Lair:4:   hellmonk_destroyed_diamonds, layout_small_grid,
          dpeg_slime_entry_enclosed, st_stairs_8, grunt_megastairs_4
Lair:5:   hellmonk_lair_end_abyssal_woods, layout_loops_ring, st_stairs_6,
          minivault_24, uniq_snorg

Notes
Turn   | Place    | Note
-------+----------+-------------------------------------------
     0 | D:1      | kae the Draconian Shapeshifter began the quest for the Orb.
     0 | D:1      | Reached XP level 1. HP: 16/16 MP: 1/1
     0 | D:1      | magus.rc [v1.11.3]
   126 | D:1      | You pick up a book of Necromancy and begin reading...
   126 | D:1      | You add the spells Necrotise, Vampiric Draining, Martyr's
                  | Knell and Curse of Agony to your library.
   139 | D:1      | Reached XP level 2. HP: 23/23 MP: 2/2
   290 | D:1      | Found Wearpho's General Store.
   393 | D:1      | Found Fatonwia's Book Shop.
   518 | D:1      | Found Penkejet's General Store.
   523 | D:1      | Bought a scroll of identify for 28 gold pieces
   523 | D:1      | Bought a scroll of fog for 56 gold pieces
  1008 | D:2      | Noticed Natasha
  1013 | D:2      | Killed Natasha
  1014 | D:2      | Reached skill level 2 in Fighting
  1014 | D:2      | Reached XP level 3. HP: 29/29 MP: 3/3
  1050 | D:2      | Noticed Natasha
  1053 | D:2      | Killed Natasha
  1054 | D:2      | Reached XP level 4. HP: 29/36 MP: 4/4
  1140 | D:2      | Reached skill level 4 in Shapeshifting
  1270 | D:2      | Found a stormy altar of Qazlal.
  1313 | D:2      | Reached XP level 5. HP: 28/42 MP: 5/5
  1399 | D:2      | Noticed Natasha
  1404 | D:2      | Killed Natasha
  1571 | D:2      | Noticed Jessica
  1576 | D:2      | Killed Jessica
  1577 | D:2      | Reached skill level 3 in Fighting
  1577 | D:2      | Reached skill level 4 in Unarmed Combat
  1943 | D:3      | Reached XP level 6. HP: 43/51 MP: 6/6
  1949 | D:3      | Reached skill level 5 in Shapeshifting
  2314 | D:3      | Found a radiant altar of Vehumet.
  2315 | D:3      | Found a burning altar of Makhleb.
  2553 | D:4      | Reached skill level 4 in Fighting
  2553 | D:4      | Your scales start taking on a golden yellow colour.
  2553 | D:4      | Reached XP level 7. HP: 48/59 MP: 7/7
  2553 | D:4      | Gained mutation: You are resistant to acid. (rCorr) [Yellow
                  | Draconian growth]
  2710 | D:4      | Reached skill level 5 in Unarmed Combat
  2710 | D:4      | Reached skill level 6 in Shapeshifting
  3188 | D:4      | Noticed Robin
  3203 | D:4      | Killed Robin
  3356 | D:4      | Reached skill level 5 in Fighting
  3356 | D:4      | Reached XP level 8. HP: 68/68 MP: 8/8
  3882 | D:5      | Entered Level 5 of the Dungeon
  3905 | D:5      | Found a staircase to the Ecumenical Temple.
  3945 | D:5      | Found a broken altar of Ashenzari.
  3945 | D:5      | Found a hazy altar of Hepliaklqana.
  3961 | D:5      | Reached skill level 7 in Shapeshifting
  3996 | Temple   | Entered the Ecumenical Temple
  4028 | Temple   | Became a worshipper of Ru the Awakened
  4248 | D:5      | Found an ancient bone altar of Kikubaaqudgha.
  4252 | D:5      | Found a blossoming altar of Fedhas.
  4516 | D:5      | Reached skill level 6 in Unarmed Combat
  4661 | D:6      | Found a bloodstained altar of Trog.
  4708 | D:6      | Reached skill level 6 in Fighting
  4752 | D:6      | Found an ornate altar of the Wu Jian Council.
  4768 | D:6      | Found Efuff's Tiny Tomes.
  4903 | D:6      | Reached skill level 8 in Shapeshifting
  4946 | D:6      | Reached XP level 9. HP: 70/78 MP: 9/9
  5153 | D:6      | You pick up a book of Weapons and begin reading...
  5153 | D:6      | You add the spells Tukima's Dance, Dimensional Bullseye and
                  | Iskenderun's Mystic Blast to your library.
  5558 | D:7      | Reached skill level 7 in Unarmed Combat
  5676 | D:7      | Reached skill level 7 in Fighting
  5676 | D:7      | Reached skill level 2 in Dodging
  5676 | D:7      | Noticed a two-headed ogre
  5697 | D:7      | Reached skill level 9 in Shapeshifting
  5703 | D:7      | Killed a two-headed ogre
  5709 | D:7      | Reached skill level 3 in Dodging
  5935 | D:7      | Identified the +2 flail "Goisuutt" {elec, +Blink rN+
                  | Will+++ Stlth+}
  6145 | D:7      | Identified the +1 falchion "Juna" {heavy, rC+++}
  6183 | D:7      | Noticed Maurice
  6210 | D:7      | Killed Maurice
  6211 | D:7      | Reached XP level 10. HP: 49/88 MP: 10/10
  6560 | D:7      | Reached skill level 8 in Fighting
  6560 | D:7      | Reached skill level 10 in Shapeshifting
  6660 | D:7      | Reached skill level 8 in Unarmed Combat
  6681 | D:7      | You pick up a book of Dangerous Friends and begin
                  | reading...
  6681 | D:7      | You add the spells Summon Blazeheart Golem, Orb of
                  | Destruction and Spellforged Servitor to your library.
  6724 | D:7      | Noticed Joseph
  6740 | D:7      | Killed Joseph
  6741 | D:7      | Reached skill level 4 in Dodging
  7628 | D:8      | Found a runed translucent gate.
  7628 | D:8      | Identified the +6 chain mail "Labuisye" {Rampage rElec}
  7629 | D:8      | Found a runed translucent gate.
  7630 | D:8      | Found a runed translucent gate.
  7632 | D:8      | Noticed Domino's ghost (novice MDFi)
  7751 | D:8      | Found the +5 woodcutter's axe
  8086 | D:8      | Noticed a two-headed ogre
  8232 | D:8      | Noticed a two-headed ogre
  8235 | D:8      | Gained mutation: Your magical capacity is low. (-10% MP)
                  | [Ru sacrifice]
  8241 | D:8      | Killed a two-headed ogre
  8242 | D:8      | Reached skill level 9 in Fighting
  8242 | D:8      | Reached skill level 5 in Dodging
  8242 | D:8      | Reached skill level 11 in Shapeshifting
  8242 | D:8      | Reached XP level 11. HP: 84/97 MP: 9/9
  8260 | D:8      | Killed a two-headed ogre
  8301 | D:8      | Found a shimmering blue altar of Sif Muna.
  8448 | D:8      | Found a roughly hewn altar of Beogh.
  8555 | D:9      | Reached skill level 9 in Unarmed Combat
  8956 | D:9      | Found an opulent altar of Gozag.
  8976 | D:9      | You pick up a book of Spatial Translocations and begin
                  | reading...
  8976 | D:9      | You add the spells Blink, Momentum Strike and Lesser
                  | Beckoning to your library.
  9174 | D:9      | Found Sior's Magic Scroll Shop.
  9223 | D:9      | Bought a scroll of noise for 12 gold pieces
  9223 | D:9      | Bought a scroll of identify for 24 gold pieces
  9223 | D:9      | Bought a scroll of teleportation for 36 gold pieces
  9329 | D:9      | Noticed a purple ugly thing
  9341 | D:9      | Killed a green ugly thing
  9374 | D:9      | Reached skill level 6 in Dodging
  9518 | D:9      | Found a staircase to the Orcish Mines.
  9524 | D:9      | Reached skill level 12 in Shapeshifting
  9557 | D:10     | Entered Level 10 of the Dungeon
  9704 | D:10     | HP: 23/99 [poisoned by a gnoll sergeant]
  9709 | D:10     | HP: 16/99 [poisoned by a gnoll sergeant]
  9966 | D:10     | You pick up a book of Scorching and begin reading...
  9966 | D:10     | You add the spells Scorch, Flame Wave and Summon Cactus
                  | Giant to your library.
 10250 | D:10     | Found a roughly hewn altar of Beogh.
 10269 | D:10     | Gained mutation: You cannot study or cast Ice magic. [Ru
                  | sacrifice]
 10269 | D:10     | Gained mutation: You cannot study or cast Hexes magic. [Ru
                  | sacrifice]
 10269 | D:10     | Gained mutation: You cannot study or cast Translocations
                  | magic. [Ru sacrifice]
 10269 | D:10     | Reached * piety under Ru
 10699 | D:11     | Reached skill level 10 in Fighting
 11118 | D:11     | Reached XP level 12. HP: 72/106 MP: 10/10
 11555 | D:11     | Found a staircase to the Lair.
 11572 | D:11     | Reached skill level 10 in Unarmed Combat
 11746 | Lair:1   | Entered Level 1 of the Lair of Beasts
 12375 | Lair:1   | Reached skill level 7 in Dodging
 12480 | Lair:1   | You pick up a book of the Moon and begin reading...
 12627 | Lair:2   | Gained mutation: You are hated by all. [Ru sacrifice]
 12627 | Lair:2   | Reached ** piety under Ru
 12627 | Lair:2   | Reached *** piety under Ru
 12662 | Lair:2   | Reached skill level 13 in Shapeshifting
 12711 | Lair:2   | Found a hole to the Spider Nest.
 12858 | Lair:2   | Reached skill level 11 in Fighting
 14027 | Lair:3   | Reached XP level 13. HP: 116/116 MP: 11/11
 14219 | Lair:3   | Reached skill level 11 in Unarmed Combat
 14230 | Lair:3   | Reached skill level 8 in Dodging
 14364 | Lair:3   | You pick up a book of the Senses and begin reading...
 14606 | Lair:3   | Reached skill level 14 in Shapeshifting
 15025 | Lair:3   | HP: 25/116 [meliai/divine providence (15)]
 15029 | Lair:3   | HP: 12/113 [catoblepas (11)]
 15030 | Lair:3   | HP: 2/113 [catoblepas/blast of calcifying dust (6)]
 15041 | Lair:3   | HP: 24/113 [killer bee (2)]
 15474 | Lair:3   | You pick up a book of Conjurations and begin reading...
 15474 | Lair:3   | You add the spells Magic Dart, Searing Ray and Fulminant
                  | Prism to your library.
 15582 | Lair:3   | Reached skill level 12 in Fighting
 16032 | Lair:4   | You pick up a book of the Senses and begin reading...
 16659 | Lair:4   | You pick up a book of Spatial Translocations and begin
                  | reading...
 16722 | Lair:4   | Reached skill level 9 in Dodging
 17336 | Lair:4   | Found a staircase to the Slime Pits.
 17408 | Lair:5   | Entered Level 5 of the Lair of Beasts
 17540 | Lair:5   | Reached skill level 15 in Shapeshifting
 17545 | Lair:5   | HP: 19/119 [yak (29)]
 17819 | Lair:4   | Gained mutation: You have acidic saliva. [Yellow Draconian
                  | growth]
 17819 | Lair:4   | Reached XP level 14. HP: 95/127 MP: 8/12
 17946 | Lair:4   | Reached skill level 12 in Unarmed Combat
 18800 | Lair:5   | Reached skill level 13 in Fighting
 18995 | Lair:5   | You pick up a book of the Spheres and begin reading...
 18995 | Lair:5   | You add the spells Brom's Barrelling Boulder, Iskenderun's
                  | Battlesphere, Fireball and Conjure Ball Lightning to your
                  | library.
 19025 | Lair:5   | You pick up a book of Geomancy and begin reading...
 19025 | Lair:5   | You add the spells Sandblast, Passwall and Stone Arrow to
                  | your library.
 19132 | Lair:5   | Noticed Snorg
 19142 | Lair:5   | Killed Snorg
 20287 | Lair:5   | Reached skill level 10 in Dodging
 20309 | Lair:5   | HP: 18/129 [large abomination (26)]
 20310 | Lair:5   | HP: 4/129 [large abomination (14)]
 20316 | Lair:5   | Reached skill level 16 in Shapeshifting
 20663 | Lair:5   | Found a corrupted altar of Lugonu.
 20663 | Lair:5   | Found a one-way gate to the infinite horrors of the Abyss.
 20668 | Lair:5   | Identified the +2 dagger of Change {holy, rElec Will- MP-9
                  | Stlth+}
 20683 | Lair:5   | You pick up a book of Party Tricks and begin reading...
 20926 | D:12     | Noticed Nessos
 20936 | D:12     | Killed Nessos
 20941 | D:12     | Found a flickering gateway to a bazaar.
 20965 | Bazaar   | Entered a bazaar
 20968 | Bazaar   | Found Lullep's General Store.
 20971 | Bazaar   | Found Ocekhluw's Antique Armour Shoppe.
 20973 | Bazaar   | Noticed an ophan
 20976 | Bazaar   | Found Ruatenim's Jewellery Shoppe.
 20976 | Bazaar   | Found Xynesmem's Distillery.
 20978 | Bazaar   | Bought a scroll of identify for 16 gold pieces
 20990 | Bazaar   | Bought a potion of heal wounds for 45 gold pieces
 20990 | Bazaar   | Bought a potion of berserk rage for 45 gold pieces
 21166 | Bazaar   | Bought a talisman of death for 720 gold pieces
 21206 | D:12     | HP: 8/40 [burnt (7)]
 21572 | D:12     | Noticed Azrael
 21586 | D:12     | HP: 9/41 [Azrael/bolt of fire (30)]
 21586 | D:12     | HP: 3/41 [hell hound/blast of flame[Azrael] (6)]
 21589 | D:12     | Killed from afar by Azrael

Vanquished Creatures
  Nessos (D:12)
  Snorg (Lair:5)
  6 hydras
  A catoblepas (Lair:3)
  2 boulder beetles
  5 two-headed ogres
  6 death yaks
  4 thrashing horrors (Lair:5)
  2 skysharks (Lair:4)
  2 deep elf pyromancers (D:12)
  3 ugly things
  11 elephants
  3 manticores
  Maurice (D:7)
  A meliai (shapeshifter) (Lair:5)
  2 meliai (Lair:3)
  4 black mambas
  Joseph (D:7)
  3 large abominations (Lair:5)
  A water nymph (Lair:3)
  A torpor snail (Lair:5)
  2 smoke demons (Lair:5)
  2 rime drakes
  A gargoyle (D:11)
  12 cane toads
  9 komodo dragons
  A tengu conjurer (D:9)
  A queen bee (Lair:3)
  2 trolls
  5 polar bears
  10 dream sheep
  22 blink frogs
  A raiju (Lair:5)
  2 spriggans (Lair:5)
  3 shadows
  2 ynoxinuls (Lair:5)
  2 wraiths
  74 yaks
  12 wyverns
  8 basilisks
  4 steam dragons
  A vampire mosquito (D:9)
  A chaos spawn (Lair:5)
  7 small abominations (Lair:5)
  An acid dragon (D:12)
  16 water moccasins
  3 hell hounds (D:12)
  2 ice beasts
  4 sky beasts
  3 black bears
  9 orc warriors
  11 wolves
  An ogre (D:6)
  3 phantoms
  4 centaurs
  10 bullfrogs
  4 kobold brigands
  7 scorpions
  6 gnoll sergeants
  12 wights
  34 killer bees
  5 howler monkeys
  A crimson imp (D:3)
  2 bombardier beetles
  5 hounds
  A jelly (D:7)
  6 orc priests
  Jessica (D:2)
  5 sleepcaps
  4 gnoll boudas
  5 iguanas
  Natasha (thrice) (D:2)
  9 orc wizards
  5 hell rats
  Robin (D:4)
  13 gnolls
  8 adders
  4 white imps
  2 ufetubi (D:7)
  4 dart slugs
  2 ribbon worms (D:3)
  50 orcs
  4 ball pythons
  4 endoplasms
  2 giant cockroaches
  11 goblins
  12 hobgoblins
  7 jackals
  4 quokkas
  3 bats
  A frilled lizard (D:3)
  14 kobolds
  A rat (D:3)
574 creatures vanquished.

Vanquished Creatures (others)
  A cane toad (Lair:2)
  A killer bee (Lair:3)
2 creatures vanquished.

Grand Total: 576 creatures vanquished

Table legend:
 A = Non-vault XP
 B = Vault XP
 C = Vault XP percentage of total XP
 D = Non-vault monster count
 E = Vault monster count
 F = Vault count percentage of total count
                 A         B        C        D         E       F
            +---------+---------+-------+---------+---------+-------
      Total |   62964 |   36137 |  36.5 |     359 |     216 |  37.6
            +---------+---------+-------+---------+---------+-------
        D:1 |      36 |       0 |   0.0 |      18 |       0 |   0.0
        D:2 |     191 |      72 |  27.4 |      15 |       2 |  11.8
        D:3 |     180 |      50 |  21.7 |      25 |       1 |   3.8
        D:4 |     645 |     397 |  38.1 |      15 |      14 |  48.3
        D:5 |     442 |       0 |   0.0 |       7 |       0 |   0.0
        D:6 |     713 |     800 |  52.9 |      14 |      16 |  53.3
        D:7 |    1345 |    3409 |  71.7 |      17 |      22 |  56.4
        D:8 |    1624 |    2640 |  61.9 |      21 |      16 |  43.2
        D:9 |    3369 |    2382 |  41.4 |      21 |      25 |  54.3
       D:10 |     516 |     369 |  41.7 |      15 |      25 |  62.5
       D:11 |    3780 |     367 |   8.8 |      16 |       1 |   5.9
       D:12 |    3536 |    1485 |  29.6 |      11 |       4 |  26.7
     Lair:1 |    5643 |       0 |   0.0 |      24 |       0 |   0.0
     Lair:2 |    6582 |     497 |   7.0 |      28 |       2 |   6.7
     Lair:3 |    8016 |    8419 |  51.2 |      33 |      49 |  59.8
     Lair:4 |   11923 |    1147 |   8.8 |      37 |       2 |   5.1
     Lair:5 |   14423 |   14103 |  49.4 |      42 |      37 |  46.8
            +---------+---------+-------+---------+---------+-------

Skill      XL: |  1  2  3  4  5  6  7  8  9 10 11 12 13 14 |
---------------+-------------------------------------------+-----
Fighting       | 2 3 4 5 6 7 9 10 11 12 13 | 13.5
Shapeshifting  | 4 5 6 8 9 11 12 13 15 16 | 16.2
Unarmed Combat | 4 5 6 7 8 9 10 11 12 | 12.8
Dodging        | 3 5 6 7 9 10 | 10.2

Action                     |  1- 3 |  4- 6 |  7- 9 | 10-12 | 13-15 || total
---------------------------+-------+-------+-------+-------+-------++-------
  Melee: Unarmed           |    69 |   141 |   338 |   954 |   959 ||  2461
         Tailslap          |    10 |    23 |    65 |   194 |   217 ||   509
         Punch             |     2 |     5 |     3 |       |     3 ||    13
         Bite              |       |       |       |       |    62 ||    62
 Invoke: Reject Sacrifices |       |       |     1 |       |     2 ||     3
         Sacrifice Essence |       |       |       |     1 |       ||     1
         Sacrifice Arcana  |       |       |       |     1 |       ||     1
         Sacrifice Love    |       |       |       |     1 |       ||     1
         Draw Out Power    |       |       |       |       |     5 ||     5
Ability: Caustic Breath    |       |       |     4 |     3 |     2 ||     9
  Evoke: Wand              |       |       |    11 |       |       ||    11
    Use: Scroll            |       |    11 |     5 |     7 |     6 ||    29
         Potion            |       |       |       |       |     2 ||     2
   Stab: Paralysed         |       |       |     3 |       |       ||     3
         Petrified         |       |       |       |     2 |       ||     2
         Petrifying        |       |       |       |     1 |       ||     1
         Invisible         |       |       |       |       |     7 ||     7
         Distracted        |       |       |       |       |     1 ||     1
 Armour: Skin              |    43 |    50 |   109 |   331 |   422 ||   955
  Dodge: Dodged            |    66 |   106 |   267 |   987 |  1200 ||  2626
         Repelled          |     1 |     3 |     3 |     8 |     5 ||    20
   Form: Flux              |       |       |     1 |       |       ||     1
         Death             |       |       |       |       |     1 ||     1

Illustrated notes

Table legend:
 A = Kills in this place as a percentage of kills in the entire game.
 B = Kills by you in this place as a percentage of kills by you in the entire game.
 C = Kills by friends in this place as a percentage of kills by friends in the entire game.
 D = Other kills in this place as a percentage of other kills in the entire game.
 E = Experience gained in this place as a percentage of experience gained in the entire game.
 F = Experience gained in this place divided by the number of levels of this place that you have seen.
                   A       B       C       D       E      F
               +-------+-------+-------+-------+-------+----------------------
         Total | 100.0 | 100.0 |   N/A | 100.0 | 100.0 | 5215.8
       Dungeon |  55.8 |  55.9 |   N/A |   0.0 |  28.6 | 2362.3
          Lair |  44.2 |  44.1 |   N/A | 100.0 |  71.4 | 14150.6
               +-------+-------+-------+-------+-------+----------------------

Table legend: (Time is in decaauts)
 A = Elapsed time spent in this place.
 B = Non-inter-level travel time spent in this place.
 C = Inter-level travel time spent in this place.
 D = Time resting spent in this place.
 E = Time spent auto-exploring this place.
 F = Levels seen in this place.
 G = Mean time per level.
                   A        B        C        D        E       F      G
               +--------+--------+--------+--------+--------+-----+--------+
         Total |  21269 |  20554 |    715 |   1204 |  15443 |  19 | 1119.4 |
       Dungeon |  12063 |  11666 |    397 |    415 |   9144 |  12 | 1005.2 |
        Temple |     42 |      1 |     41 |      0 |      0 |   1 |   42.0 |
          Lair |   8907 |   8631 |    276 |    789 |   6082 |   5 | 1781.4 |
        Bazaar |    256 |    256 |      0 |      0 |    216 |   1 |  256.0 |
               +--------+--------+--------+--------+--------+-----+--------+

Top non-repeatable levels by time:
  Lair:5: 2458 daAuts
  Lair:4: 2258 daAuts
  Lair:3: 1957 daAuts
     D:7: 1894 daAuts
     D:4: 1334 daAuts
  Lair:2: 1222 daAuts
    D:11: 1192 daAuts
    D:10: 1104 daAuts
     D:8: 1098 daAuts
     D:9: 1042 daAuts
  Lair:1: 1010 daAuts
     D:2: 952 daAuts
     D:1: 910 daAuts
     D:6: 842 daAuts
     D:3: 695 daAuts
